 Dungeon Crawl Stone Soup version 0.24-a0-264-gf46a388 (webtiles) character file.

Game seed: 4143380247410258500

358 Hasart the Cutter (level 6, -10/37 HPs)
             Began as a Kobold Gladiator on Apr 18, 2019.
             Mangled by an ice beast (19 damage)
             ... on level 5 of the Dungeon on Apr 20, 2019.
             The game lasted 00:16:50 (4886 turns).

Hasart the Cutter (Kobold Gladiator)                Turns: 4886, Time: 00:16:51

Health: -10/37     AC:  5    Str: 17    XL:     6   Next: 97%
Magic:  6/6        EV: 17    Int:  9    God:
Gold:   217        SH:  0    Dex: 17    Spells: 5/5 levels left

rFire    + . .     SeeInvis .   n - +0 dagger (elec)
rCold    x . .     Gourm    .   (shield restricted)
rNeg     . . .     Faith    .   b - +0 leather armour
rPois    .         Spirit   .   c - +0 helmet
rElec    .         Reflect  .   (no cloak)
rCorr    .         Harm     .   x - +0 pair of gloves
MR       .....                  (no boots)
Stlth    ++........             y - amulet of rage
HPRegen  0.12/turn              t - ring of fire
MPRegen  0.10/turn              o - +4 ring of strength

@: no status effects
A: small, carnivore
a: Evoke Berserk Rage


You were on level 5 of the Dungeon.
You were completely stuffed.

You visited 1 branch of the dungeon, and saw 5 of its levels.

You collected 217 gold pieces.

Inventory:

Hand Weapons
 a - a +0 rapier
 j - a +1 vampiric dagger
 n - a +0 dagger of electrocution (weapon)
Missiles
 d - 3 throwing nets (quivered)
Armour
 b - a +0 leather armour (worn)
 c - a +0 helmet (worn)
 x - a +0 pair of gloves (worn)
Jewellery
 m - a +1 ring of evasion
 o - a +4 ring of strength (right hand)
 q - an uncursed amulet of magic regeneration
 t - a ring of fire (left hand)
 y - an amulet of rage (around neck)
Wands
 v - a wand of flame (13)
 w - a wand of paralysis (3)
Scrolls
 e - a scroll of enchant armour {unknown}
 g - 3 scrolls of teleportation
 i - 3 scrolls of identify
 k - a scroll of remove curse
 l - a scroll of amnesia {unknown}
 s - a scroll of immolation {unknown}
Potions
 h - a potion of haste
 p - a potion of lignification {unknown}
 r - a potion of agility {unknown}
 u - 2 potions of flight {unknown}
Comestibles
 f - 9 rations
 z - 2 chunks of flesh


   Skills:
 + Level 3.2 Fighting
 * Level 6.2 Short Blades
 - Level 2.3 Throwing
 + Level 1.8 Armour
 + Level 5.2 Dodging
 + Level 3.1 Stealth
 + Level 0.4 Evocations


You had 5 spell levels left.
You didn't know any spells.
Your spell library contained the following spells:

 Spells                   Type           Power        Failure   Level  Hunger
 Corona                   Hex            #......      43%         1    ##.....
 Magic Dart               Conj           #...         43%         1    ##.....
 Ensorcelled Hibernation  Hex/Ice        #.....       58%         2    ###....
 Searing Ray              Conj           #.....       58%         2    ###....
 Confuse                  Hex            #.......     82%         3    ####...
 Dazzling Spray           Conj/Hex       #.....       82%         3    ####...
 Tukima's Dance           Hex            #.......     82%         3    ####...
 Force Lance              Conj/Tloc      #.......     99%         4    #####..
 Fulminant Prism          Conj/Hex       #.........   99%         4    #####..
 Iskenderun's Mystic Bla  Conj           #.......     99%         4    #####..


Dungeon Overview and Level Annotations

Branches:
Dungeon (5/15)
 Temple: D:4-7

Altars:
Ashenzari
Gozag
Sif Muna
Yredelemnul
The Shining One


Innate Abilities, Weirdness & Mutations

You are small and have problems with some larger weapons.
You are carnivorous and can eat meat at any time.


Message History

Ouch! That really hurt!
* * * LOW HITPOINT WARNING * * *
Evoke which item? (* to show all) (? for menu, Esc to quit)
Aiming: Throw Flame
Press: ? - help, Shift-Dir - straight line, f/p - ice beast
Aim: an ice beast (severely wounded)
The puff of flame hits the ice beast.
The ice beast melts!
The ice beast is severely wounded.
The ice beast hits you but does no damage.
Evoke which item? (* to show all) (? for menu, Esc to quit)
Aiming: Throw Flame
Press: ? - help, Shift-Dir - straight line, f/p - ice beast
Aim: an ice beast (severely wounded)
The puff of flame hits the ice beast.
The ice beast melts!
The ice beast is almost dead.
The ice beast hits you.
* * * LOW HITPOINT WARNING * * *
The ice beast freezes you!!
You feel a terrible chill!
Ouch! That really hurt!
You die...

#.#......#
#.###.....#####.#
## #...........#
#.##...#.##.##
###......##.#
#.#.#..##.##
#.#........##
#.###.....Y.###.#
#.....#####@...#
####### #.####
#.# #.# #.# #.#
#.# #########
####### #.#
#.......# #.....#
#.#
#.......######


You could see an ice beast.

Vanquished Creatures
  A howler monkey (D:4)
  A hound (D:4)
  3 orc priests
  An orc wizard (D:5)
  Terence (D:3)
  5 adders
  A howler monkey skeleton (D:5)
  An ooze (D:2)
  2 worms (D:2)
  3 dart slugs
  3 leopard geckos
  5 orcs
  8 goblins
  6 hobgoblins
  2 jackals (D:3)
  3 quokkas
  3 ball pythons
  5 bats
  3 frilled lizards
  6 kobolds
  A leopard gecko skeleton (D:4)
  13 rats
77 creatures vanquished.

Notes
Turn   | Place    | Note
-------+----------+-------------------------------------------
     0 | D:1      | Hasart the Kobold Gladiator began the quest for the Orb.
     0 | D:1      | Reached XP level 1. HP: 12/12 MP: 1/1
     8 | D:1      | Upgraded the game from 0.24-a0-254-gf493760 to
                  | 0.24-a0-264-gf46a388
    90 | D:1      | Reached XP level 2. HP: 10/17 MP: 2/2
   662 | D:1      | Reached XP level 3. HP: 21/21 MP: 3/3
  1052 | D:2      | Reached skill level 1 in Stealth
  1055 | D:2      | Reached XP level 4. HP: 24/27 MP: 4/4
  1479 | D:2      | Reached skill level 5 in Short Blades
  1838 | D:3      | Reached skill level 1 in Armour
  1845 | D:3      | Found an opulent altar of Gozag.
  1886 | D:3      | Reached XP level 5. HP: 24/31 MP: 5/5
  2570 | D:3      | Noticed Terence
  2576 | D:3      | Killed Terence
  2576 | D:3      | Reached skill level 5 in Dodging
  2576 | D:3      | Reached XP level 6. HP: 36/36 MP: 6/6
  3045 | D:2      | HP: 1/36 [orc/+0 hand axe (8)]
  3653 | D:2      | Reached skill level 6 in Short Blades
  3976 | D:3      | Found a glowing golden altar of the Shining One.
  4397 | D:4      | Found a shattered altar of Ashenzari.
  4559 | D:5      | Entered Level 5 of the Dungeon
  4640 | D:5      | Found a deep blue altar of Sif Muna.
  4827 | D:5      | Found a basalt altar of Yredelemnul.
  4846 | D:5      | Noticed an ice beast
  4886 | D:5      | Mangled by an ice beast

Levels and vault maps discovered:
D:1:      dpeg_arrival_pits, layout_rooms, serial_bayou_lagoon_b
D:2:      layout_loops_ring, first_ration
D:3:      layout_loops_corners, overflow_temple_1_default, grunt_gozag_statues,
          grunt_ministairs_13, minmay_misc_feat_chi, uniq_terence
D:4:      layout_cave_pools, kennysheep_little_box, serial_rivers,
          chequers_serial_rivers_large_a, chequers_serial_rivers_small_a,
          chequers_serial_rivers_marsh, chequers_serial_rivers_micro_d
D:5:      layout_loops_corners, lemuel_blue_sif_altar,
          nicolae_overflow_crystal_walls, minmay_temple_entry_overgrown

Skill      XL: |  1  2  3  4  5  6 |
---------------+-------------------+-----
Dodging        | 4 5 |  5.2
Stealth        | 1 2 3 |  3.1
Short Blades   | 5 6 |  6.2
Armour         | 1 |  1.8
Fighting       | 3 |  3.2
Throwing       | |  2.3
Evocations     | |  0.4

Action                   |  1- 3 |  4- 6 || total
-------------------------+-------+-------++-------
Melee: Rapier            |    45 |       ||    45
       Dagger            |    67 |   274 ||   341
Evoke: Wand              |       |     4 ||     4
  Use: Scroll            |       |     3 ||     3
 Stab: Sleeping          |     2 |     4 ||     6
       Distracted        |       |     1 ||     1
  Eat: Chunk             |    13 |    13 ||    26
Armor: Leather armour    |    21 |    28 ||    49
Dodge: Dodged            |    98 |   167 ||   265

Table legend:
 A = Non-vault XP
 B = Vault XP
 C = Vault XP percentage of total XP
 D = Non-vault monster count
 E = Vault monster count
 F = Vault count percentage of total count
                 A         B        C        D         E       F
            +---------+---------+-------+---------+---------+-------
      Total |     475 |      37 |   7.2 |      74 |       3 |   3.9
            +---------+---------+-------+---------+---------+-------
        D:1 |      33 |       0 |   0.0 |      20 |       0 |   0.0
        D:2 |     167 |       0 |   0.0 |      22 |       0 |   0.0
        D:3 |      97 |      36 |  27.1 |      19 |       2 |   9.5
        D:4 |     116 |       1 |   0.9 |       8 |       1 |  11.1
        D:5 |      62 |       0 |   0.0 |       5 |       0 |   0.0
            +---------+---------+-------+---------+---------+-------
